 Dungeon Crawl Stone Soup version 0.15.1-2-g8fbdab7 (webtiles) character file.

15073 CrazyArbalest the Slinger (level 11, 0/51 HPs)
             Began as a Spriggan Enchanter on Sept 30, 2014.
             Was a High Priest of Dithmenos.
             Succumbed to a manticore's barbed spikes
             ... on Level 3 of the Lair of Beasts on Oct 1, 2014.
             The game lasted 02:20:28 (16586 turns).

CrazyArbalest the Slinger (Spriggan Enchanter)     Turns: 16586, Time: 02:20:28

HP   0/51        AC  8     Str  9      XL: 11   Next: 97%
MP  14/29        EV 31     Int 19      God: Dithmenos [*****.]
Gold 1039        SH  0     Dex 18      Spells:  5 memorised,  8 levels left

rFire  . . .     SeeInvis +     a - +2 dagger (venom)
rCold  . . .     Clarity  .     g - +0 steam dragon armour
rNeg   + . .     rCorr    .     (shield restricted)
rPois  .         rRot     .     (helmet restricted)
rElec  .         Spirit   .     R - +2 cloak {MR+}
SustAb .         Warding  +     (gloves unavailable)
rMut   .         Stasis   .     (boots unavailable)
Gourm  .                        m - amulet of warding
MR     ++...                    S - +2 ring of evasion
                                q - +5 ring of strength

@: manticore barbs, very slightly contaminated, wreathed by umbra, very quick,
very resistant to hostile enchantments, uncannily stealthy
A: unfitting armour, see invisible, herbivore 3, speed 3, slow metabolism 2
a: Shadow Step, Shadow Form, Renounce Religion


You were on level 3 of the Lair of Beasts.
You worshipped Dithmenos.
Dithmenos was extremely pleased with you.
You were not hungry.

You visited 3 branches of the dungeon, and saw 14 of its levels.

You collected 1039 gold pieces.

Inventory:

Hand weapons
 a - a +2 dagger of venom (weapon)
 b - a +0 hunting sling of freezing
 c - a +0 short sword of speed
 Q - a +2 short sword of holy wrath
 Z - a +1 dagger of freezing
Missiles
 h - 107 bolts
 t - 29 poisoned bolts
 x - 308 stones (quivered)
 y - 44 sling bullets
Armour
 g - a +0 steam dragon armour (worn)
 J - a +2 robe of magic resistance
 R - a +2 cloak of magic resistance (worn)
Magical devices
 j - a wand of magic darts (18)
 p - a wand of digging (4)
 u - a wand of frost (5)
 D - a wand of polymorph (12)
 G - a wand of teleportation (1)
 U - a wand of lightning (9)
 V - a wand of cold (0)
Comestibles
 k - 8 bread rations
 T - 7 royal jellies
Scrolls
 f - 6 scrolls of remove curse
 n - 5 scrolls of teleportation
 o - 4 scrolls of magic mapping
 r - 3 scrolls of recharging
 v - a scroll of blinking
 E - a scroll of enchant weapon
 I - 2 scrolls of enchant armour
 X - a scroll of brand weapon
Jewellery
 m - an amulet of warding (around neck)
 q - a +5 ring of strength (left hand)
 A - an uncursed ring of regeneration
 B - an uncursed ring of protection from cold
 P - an uncursed ring of flight
 S - a +2 ring of evasion (right hand)
Potions
 d - a potion of porridge
 e - 7 potions of curing {unknown}
 i - 2 potions of agility {unknown}
 l - a potion of brilliance {unknown}
 s - 5 potions of resistance {unknown}
 z - 2 potions of berserk rage {unknown}
 F - 2 potions of restore abilities {unknown}
 H - 4 potions of heal wounds {unknown}
 K - a potion of mutation {unknown}
 L - a potion of magic {unknown}
 M - 2 potions of poison {unknown}
 N - a potion of cancellation {unknown}
 O - a potion of might
 W - a potion of confusion {unknown}
 Y - 2 potions of cure mutation {unknown}
Books
 w - a book of Frost

   Spells                             Type                      Level
   Freeze                             Ice                          1
   Throw Frost                        Conjuration/Ice              2
   Ozocubu's Armour                   Charms/Ice                   3
   Throw Icicle                       Conjuration/Ice              4
   Summon Ice Beast                   Ice/Summoning                4
   Condensation Shield                Ice                          4


   Skills:
 + Level 2.8 Fighting
 + Level 4.8 Short Blades
 - Level 14.2 Slings
 + Level 2.1 Armour
 + Level 12.2 Dodging
 + Level 12.6 Stealth
 + Level 6.3 Spellcasting
 + Level 6.4 Hexes
 + Level 2.3 Charms
 + Level 2.3 Evocations


You had 8 spell levels left.
You knew the following spells:

 Your Spells              Type           Power        Failure   Level  Hunger
a - Cause Fear            Hex            ####......   10%         4    ####...
b - Sure Blade            Hex/Chrm       ###.......   3%          2    None
c - Confuse               Hex            ####....     1%          3    ##.....
d - Ensorcelled Hibernat  Hex/Ice        ###...       6%          2    None
e - Dazzling Spray        Conj/Hex       ###.....     12%         3    ##.....


Dungeon Overview and Level Annotations

Branches:
Dungeon (10/15)            Temple (1/1) D:4             Orc (0/4) D:9
   Lair (3/8) D:10         Shoals (0/5) Lair:3
  Snake: Lair:3-6    Spider: Lair:3-6

Altars:
Ashenzari
Cheibriados
Dithmenos
Elyvilon
Fedhas
Kikubaaqudgha
Makhleb
Nemelex Xobeh
Okawaru
Qazlal
Sif Muna
Trog
Vehumet
Xom
Yredelemnul
Zin
The Shining One

Shops:
D:6 :%   D:8 =

Annotations:
D:7 exclusion: oklob plant
D:10 Josephine


Innate Abilities, Weirdness & Mutations

You are tiny and cannot use many weapons and most armour.
You have supernaturally acute eyesight.
You are a herbivore.
You cover ground extremely quickly.
You need consume almost no food.


Message History

Casting: Cause Fear
Confirm with . or Enter, or press ? or * to list all spells.
You miscast Cause Fear.
Nothing appears to happen.
Your surroundings suddenly seem different.
Casting: Cause Fear
Confirm with . or Enter, or press ? or * to list all spells.
The hippogriff looks frightened!
The barbed spikes dig painfully into your body as you move.
* * * LOW HITPOINT WARNING * * *
Casting: Cause Fear
Confirm with . or Enter, or press ? or * to list all spells.
The griffon looks frightened!
The griffon bites the plant.
The griffon pecks the plant.
The griffon claws the plant but does no damage.
The barbed spikes dig painfully into your body as you move.
* * * LOW HITPOINT WARNING * * *
The barbed spikes dig painfully into your body as you move.
* * * LOW HITPOINT WARNING * * *
The barbed spikes dig painfully into your body as you move.
You die...

# ##........#
...P##.......##
#..P..........##
.....#.#.......#
...#....+.....##
......§.#......#
.P..#..HH#.....##
#....P.§#.....#
......H.HH§.@..#
##.#####PP##..#
########


You could see a griffon (fleeing).

Vanquished Creatures
  Nergalle (Lair:2)
  A hill giant (D:10)
  Maurice (D:8)
  3 spiny frogs
  A gargoyle (D:10)
  Psyche (D:8)
  2 komodo dragons (Lair:2)
  A two-headed ogre (D:10)
  22 yaks
  A hungry ghost (D:9)
  Grum (D:10)
  4 wolves (D:10)
  2 steam dragons
  3 porcupines
  2 water moccasins
  9 ogres
  An orc warrior (D:8)
  3 sky beasts
  2 ice beasts
  2 black bears
  A necrophage (D:10)
  3 phantoms
  7 centaurs
  A yellow wasp (D:10)
  2 crocodiles (Lair:2)
  9 big kobolds
  10 giant frogs
  A hill giant simulacrum (D:10)
  A troll zombie (D:10)
  A scorpion (D:5)
  3 killer bees
  2 troll skeletons (D:10)
  8 wights
  6 crimson imps
  2 goliath beetles (D:6)
  14 hounds
  A giant frog skeleton (D:5)
  3 orc priests
  A quasit (D:10)
  A centaur skeleton (D:8)
  16 jellies
  4 orc wizards
  A troll simulacrum (D:10)
  2 gnoll shamans (D:6)
  3 iguanas
  2 spectral orcs (Lair:2)
  5 worker ants
  A big kobold zombie (D:10)
  An ogre zombie (D:6)
  A mummy (D:8)
  16 adders
  22 green rats (Lair:2)
  19 gnolls
  An orc zombie (D:5)
  2 shadow imps
  An orc skeleton (D:8)
  A giant mite (D:3)
  An inept item mimic (D:7)
  2 worms (D:2)
  An adder zombie (D:9)
  3 giant geckos
  21 oozes
  21 orcs
  A ball python (D:3)
  22 bats
  5 giant cockroaches
  2 gnoll zombies (D:2)
  34 goblins
  37 hobgoblins
  12 jackals
  37 kobolds
  8 quokkas
  4 giant newts
  2 giant spores (D:7)
  A goblin skeleton (D:5)
  A kobold skeleton (D:7)
  14 rats
  A rat skeleton (D:8)
  2 rat zombies
  A plant (D:6)
471 creatures vanquished.

Vanquished Creatures (others)
  3 fungi
  2 plants (D:6)
5 creatures vanquished.

Grand Total: 476 creatures vanquished

Notes
Turn   | Place    | Note
--------------------------------------------------------------
     0 | D:1      | CrazyArbalest, the Spriggan Enchanter, began the quest for the Orb.
     0 | D:1      | Reached XP level 1. HP: 9/9 MP: 4/4
   301 | D:1      | Reached XP level 2. HP: 8/13 MP: 5/7
   305 | D:1      | Learned a level 2 spell: Sure Blade
   972 | D:1      | Reached XP level 3. HP: 13/16 MP: 5/11
  1336 | D:2      | Learned a level 3 spell: Confuse
  1644 | D:2      | Found a basalt altar of Yredelemnul.
  1696 | D:2      | Reached skill level 5 in Stealth
  2170 | D:2      | Reached skill level 1 in Charms
  2170 | D:2      | Reached XP level 4. HP: 15/21 MP: 7/14
  2873 | D:3      | Reached skill level 1 in Slings
  3527 | D:4      | Found a staircase to the Ecumenical Temple.
  3534 | Temple   | Entered the Ecumenical Temple
  3701 | Temple   | Became a worshipper of Dithmenos the Shadowed
  3940 | D:4      | Noticed an ogre
  3969 | D:4      | Killed an ogre
  3969 | D:4      | Reached skill level 5 in Hexes
  3969 | D:4      | Reached XP level 5. HP: 13/24 MP: 16/18
  4183 | D:4      | Reached XP level 6. HP: 23/28 MP: 10/20
  4580 | D:4      | Learned a level 2 spell: Ensorcelled Hibernation
  4584 | D:4      | Learned a level 3 spell: Dazzling Spray
  4587 | D:5      | Entered Level 5 of the Dungeon
  5043 | D:5      | Reached XP level 7. HP: 32/32 MP: 21/21
  5128 | D:5      | Reached skill level 5 in Slings
  5237 | D:5      | Reached skill level 5 in Spellcasting
  5563 | D:5      | Acquired Dithmenos' first power
  5916 | D:5      | Reached skill level 6 in Slings
  6009 | D:5      | Reached skill level 7 in Slings
  6028 | D:5      | Reached XP level 8. HP: 29/36 MP: 24/24
  6115 | D:5      | Reached skill level 1 in Armour
  6624 | D:5      | Reached skill level 8 in Slings
  6742 | D:6      | Found a sparkling altar of Nemelex Xobeh.
  6958 | D:6      | Reached skill level 5 in Dodging
  7049 | D:6      | Reached skill level 9 in Slings
  7141 | D:6      | Acquired Dithmenos' second power
  7156 | D:6      | Found Sashyramp's Food Boutique.
  7161 | D:6      | Found Atianul's Book Shop.
  7610 | D:6      | Reached skill level 10 in Slings
  7800 | D:6      | Reached XP level 9. HP: 40/40 MP: 25/25
  7908 | D:6      | Reached skill level 11 in Slings
  8475 | D:7      | Found an ancient bone altar of Kikubaaqudgha.
  8491 | D:7      | Reached skill level 1 in Fighting
  8750 | D:7      | Reached skill level 12 in Slings
  9046 | D:7      | Acquired Dithmenos' third power
  9306 | D:7      | Found a radiant altar of Vehumet.
  9420 | D:7      | Noticed an oklob plant
  9886 | D:8      | Noticed Psyche
  9888 | D:8      | Noticed Maurice
  9907 | D:8      | Killed Maurice
  9907 | D:8      | Reached skill level 13 in Slings
  9959 | D:8      | Killed Psyche
 10037 | D:8      | Reached XP level 10. HP: 45/45 MP: 27/27
 10336 | D:8      | Found Sealeg's Jewellery Emporium.
 10760 | D:8      | Reached skill level 14 in Slings
 10979 | D:8      | Acquired Dithmenos' fourth power
 11360 | D:9      | Found a staircase to the Orcish Mines.
 12346 | D:10     | Entered Level 10 of the Dungeon
 12471 | D:9      | Reached skill level 1 in Evocations
 12512 | D:10     | Noticed a hill giant
 12604 | D:10     | Killed a hill giant
 12735 | D:10     | Reached XP level 11. HP: 50/50 MP: 28/28
 12961 | D:10     | Noticed Josephine
 13031 | D:10     | Noticed Grum
 13104 | D:10     | Killed Grum
 13235 | D:10     | Reached skill level 10 in Dodging
 13863 | D:10     | Found a staircase to the Lair.
 14031 | Lair:1   | Entered Level 1 of the Lair of Beasts
 14131 | Lair:1   | Learned a level 4 spell: Cause Fear
 14305 | Lair:1   | Reached skill level 10 in Stealth
 15118 | Lair:2   | Noticed Nergalle
 15399 | Lair:2   | Noticed a spectral orc warlord
 15487 | Lair:2   | Killed Nergalle
 16541 | Lair:3   | Found a staircase to the Shoals.
 16586 | Lair:3   | Succumbed to a manticore's barbed spikes

Action                   |  1- 3 |  4- 6 |  7- 9 | 10-12 || total
-------------------------+-------+-------+-------+-------++-------
Melee: Dagger            |   148 |    48 |   112 |   249 ||   557
       Short sword       |       |     1 |    79 |    34 ||   114
 Fire: Hunting sling     |       |   180 |   717 |   827 ||  1724
 Cast: Corona            |    19 |    20 |       |       ||    39
       Sure Blade        |    18 |     6 |       |     1 ||    25
       Confuse           |     5 |     9 |    13 |    11 ||    38
       Cause Fear        |       |       |       |     2 ||     2
Invok: Shadow Step       |       |       |       |     2 ||     2
Evoke: Wand              |       |       |     4 |     8 ||    12
  Use: Scroll            |       |     1 |       |    16 ||    17
 Stab: Sleeping          |    12 |     2 |     5 |    31 ||    50
       Confused          |       |     3 |       |     1 ||     4
       Distracted        |       |       |     5 |     4 ||     9
  Eat: Pizza             |       |     2 |       |       ||     2
       Fruit             |       |     1 |     8 |       ||     9
       Royal jelly       |       |       |       |     3 ||     3
